 Dungeon Crawl Stone Soup version 0.26-a0-708-g17f3b190f9 (webtiles) character file.

Game seed: 18003049208759620872

126 P0NYSLAYSTATION the Chopper (level 5, 0/47 HPs)
             Began as a Hill Orc Monk on Oct 29, 2020.
             Slain by a bullfrog skeleton (1 damage)
             ... on level 5 of the Dungeon.
             The game lasted 00:04:32 (1130 turns).

P0NYSLAYSTATION the Chopper (Hill Orc Monk)         Turns: 1130, Time: 00:04:32

Health: 0/47       AC:  3    Str: 15    XL:     5   Next: 9%
Magic:  5/5        EV: 12    Int: 10    God:
Gold:   80         SH:  0    Dex: 13    Spells: 4/4 levels left

rFire    . . .     SeeInvis .   a - +0 hand axe
rCold    . . .     Faith    .   (no shield)
rNeg     . . .     Spirit   .   i - +0 leather armour
rPois    .         Reflect  .   (no helmet)
rElec    .         Harm     .   (no cloak)
rCorr    .         Rampage  .   (no gloves)
MR       .....                  (no boots)
Stlth    ++........             o - amulet of regeneration
HPRegen  0.55/turn              (no ring)
MPRegen  0.09/turn              (no ring)

@: no status effects
A: no striking features
a: no special abilities


You were on level 5 of the Dungeon.
You visited 1 branch of the dungeon, and saw 5 of its levels.

You collected 80 gold pieces.

Inventory:

Hand Weapons
 a - a +0 hand axe (weapon)
Missiles
 g - 9 poisoned darts (quivered)
Armour
 b - a +0 robe
 i - a +0 leather armour (worn)
Jewellery
 o - an amulet of regeneration (around neck)
Wands
 c - a wand of disintegration (10)
Scrolls
 d - a scroll of immolation {unknown}
 e - a scroll of enchant armour {unknown}
 f - a scroll of remove curse {unknown}
 h - 2 scrolls of fog {unknown}
 k - a scroll of identify {unknown}
 n - 2 scrolls of blinking {unknown}
 p - a scroll of teleportation {unknown}
Potions
 j - 3 potions of curing
 l - 2 potions of invisibility {unknown}
 m - a potion of heal wounds {unknown}
 q - 2 potions of stabbing {unknown}


   Skills:
 + Level 4.3 Fighting
 + Level 5.2 Axes
 + Level 0.1 Throwing
 * Level 2.4 Armour
 + Level 2.9 Dodging
 + Level 1.8 Stealth


You had 4 spell levels left.
You didn't know any spells.
Your spell library was empty.

Dungeon Overview and Level Annotations

Branches:
Dungeon (5/15)
 Temple: D:4-7

Altars:

Shops:
D:5 *

Annotations:
D:5 Grinder


Message History

The bullfrog skeleton is lightly damaged.
The bullfrog skeleton hits you.
* * * LOW HITPOINT WARNING * * *
You hit the bullfrog skeleton but do no damage.
The bullfrog skeleton is lightly damaged.
The bullfrog skeleton hits you.
* * * LOW HITPOINT WARNING * * *
You hit the bullfrog skeleton.
The bullfrog skeleton is moderately damaged.
The bullfrog skeleton hits you but does no damage.
The bullfrog skeleton closely misses you.
You hit the bullfrog skeleton.
The bullfrog skeleton is moderately damaged.
The bullfrog skeleton hits you but does no damage.
You hit the bullfrog skeleton.
The bullfrog skeleton is moderately damaged.
The bullfrog skeleton hits you.
* * * LOW HITPOINT WARNING * * *
The bullfrog skeleton hits you.
You die...

# ... ##
.....#######≈.≈##
........Z@.≈≈.≈≈#
....#######≈≈∩≈≈#
. ≈≈≈≈# ≈≈## ##


You could see a bullfrog skeleton.

Vanquished Creatures
  A howler monkey (D:4)
  A hound (D:5)
  An iguana (D:5)
  An adder skeleton (D:4)
  A dart slug (D:1)
  3 leopard geckos
  An orc (D:4)
  A bat (D:2)
  3 giant cockroaches
  A goblin (D:1)
  3 hobgoblins (D:3)
  2 kobolds
  A frilled lizard (D:1)
  A jackal skeleton (D:5)
  A rat (D:3)
22 creatures vanquished.

Notes
Turn   | Place    | Note
-------+----------+-------------------------------------------
     0 | D:1      | P0NYSLAYSTATION the Hill Orc Monk began the quest for the
                  | Orb.
     0 | D:1      | Reached XP level 1. HP: 19/19 MP: 1/1
   233 | D:1      | Reached XP level 2. HP: 26/27 MP: 2/2
   821 | D:4      | Reached skill level 1 in Armour
   821 | D:4      | Reached XP level 3. HP: 33/33 MP: 3/3
   843 | D:5      | Entered Level 5 of the Dungeon
   893 | D:5      | Noticed a centaur
   894 | D:5      | Noticed Grinder
   898 | D:5      | Reached XP level 4. HP: 20/40 MP: 4/4
  1071 | D:4      | Reached skill level 5 in Axes
  1101 | D:5      | Found Kigumm's General Store.
  1124 | D:5      | Reached XP level 5. HP: 15/47 MP: 5/5
  1130 | D:5      | HP: 1/47 [bullfrog skeleton (6)]
  1130 | D:5      | Slain by a bullfrog skeleton

Illustrated notes

Levels and vault maps discovered:
D:1:      ncdulo_lavacross, layout_basic
D:2:      layout_loops_ring, chequers_ecumenical_altar_island,
          minmay_misc_feat_square
D:3:      layout_loops_ring, uniq_ijyb
D:4:      layout_loops_ring, kennysheep_little_box
D:5:      layout_basic, lemuel_blue_sif_altar,
          chequers_temple_overflow_statue_of_worship, serial_shops, shop_statue,
          shop_fountains, shop, nicolae_shop_waterfront, uniq_grinder

Skill      XL: |  1  2  3  4 |
---------------+-------------+-----
Armour         | 1 2 |  2.4
Fighting       | 4 |  4.3
Axes           | 5 |  5.2
Throwing       | |  0.1
Dodging        | |  2.9
Stealth        | |  1.8

Action                   |  1- 3 |  4- 6 || total
-------------------------+-------+-------++-------
Melee: Hand axe          |    83 |    35 ||   118
Throw: Dart              |       |     6 ||     6
  Use: Potion            |       |     1 ||     1
 Stab: Sleeping          |     1 |       ||     1
       Distracted        |     1 |       ||     1
Armor: Leather armour    |    17 |     7 ||    24
       Robe              |     2 |       ||     2
Dodge: Dodged            |    60 |    12 ||    72

Table legend: (Time is in decaauts)
 A = Elapsed time spent in this place.
 B = Non-inter-level travel time spent in this place.
 C = Inter-level travel time spent in this place.
 D = Time resting spent in this place.
 E = Time spent auto-exploring this place.
 F = Levels seen in this place.
 G = Mean time per level.
                   A        B        C        D        E       F      G
               +--------+--------+--------+--------+--------+-----+--------+
         Total |   1143 |   1083 |     60 |    224 |    392 |   5 |  228.6 |
       Dungeon |   1143 |   1083 |     60 |    224 |    392 |   5 |  228.6 |
               +--------+--------+--------+--------+--------+-----+--------+

Top non-repeatable levels by time:
     D:3: 355 daAuts
     D:1: 246 daAuts
     D:4: 227 daAuts
     D:2: 204 daAuts
     D:5: 108 daAuts
